 Dungeon Crawl Stone Soup version 0.20-a0-947-g2784f4f (console) character file.

104 pagos the Twirler (level 4, -3/37 HPs)
             Began as a Minotaur Gladiator on Apr 3, 2017.
             Slain by Natasha (6 damage)
             ... on level 2 of the Dungeon.
             The game lasted 00:02:16 (1344 turns).

pagos the Twirler (Minotaur Gladiator)              Turns: 1344, Time: 00:02:17

Health: -3/37      AC: 12    Str: 19    XL:     4   Next: 52%
Magic:  3/3        EV: 20    Int:  5    God:
Gold:   130        SH:  0    Dex: 12    Spells: 3/3 levels left

rFire    . . .     SeeInvis .   (weapon currently unavailable)
rCold    . . .     Gourm    .   (shield currently unavailable)
rNeg     + + +     Faith    .   (armour currently unavailable)
rPois    +         Spirit   .   (helmet currently unavailable)
rElec    .         Reflect  .   (cloak currently unavailable)
rCorr    .         Harm     .   (gloves currently unavailable)
MR       .....                  (boots currently unavailable)
Stlth    +.........             (no amulet)
Regen    0.2/turn               (no ring)
MPRegen  0.1/turn               (no ring)

@: fungus-form (expiring), slowed, very slow
A: (retaliatory headbutt), (horns 0)
a: no special abilities


You were on level 2 of the Dungeon.
You were not hungry.
You were a sentient fungus.
You visited 1 branch of the dungeon, and saw 2 of its levels.

You collected 130 gold pieces.

Inventory:

Hand Weapons
 a - a +0 quarterstaff (melded)
Missiles
 d - 2 throwing nets (quivered)
Armour
 c - a +0 hat (melded)
 l - a +0 ring mail (melded)
Scrolls
 e - a scroll of teleportation {unknown}
 h - 5 scrolls of identify {unknown}
 i - 2 scrolls of blinking {unknown}
 n - 2 scrolls of recharging {unknown}
 o - a scroll of immolation {unknown}
Potions
 g - a potion of flight {unknown}
 j - 2 potions of mutation {unknown}
 k - a potion of cancellation {unknown}
 m - a potion of agility {unknown}
Comestibles
 b - 3 chunks of flesh
 f - a bread ration


   Skills:
 - Level 2.4 Fighting
 * Level 6.4 Staves
 - Level 2.0 Throwing
 - Level 3.2 Dodging


You had 3 spell levels left.
You didn't know any spells.

Dungeon Overview and Level Annotations

Branches:
Dungeon (2/15)

Altars:
Nemelex Xobeh

Annotations:
D:2 Natasha


Innate Abilities, Weirdness & Mutations

((You reflexively headbutt those who attack you in melee.))
((You have a pair of horns on your head.))


Message History

Natasha growls.
Natasha casts a spell at you.
You feel yourself slow down. Natasha misses you.
Natasha zaps a wand.
Natasha misses you. Natasha misses you. x2
Natasha claws you but does no damage. Natasha misses you.
Natasha claws you but does no damage.
Natasha zaps a wand.
Your transformation is almost over.
Natasha mumbles some strange words.
Natasha claws you.
* * * LOW HITPOINT WARNING * * *
Natasha mumbles some strange words.
Natasha's front paws start to glow.
Natasha misses you.
Natasha completely misses you. x2; The shadow imp misses you.
Natasha barely misses you. The shadow imp barely misses you. Natasha claws you.
You die...

####### #.....#
#.###.# ######.###)#
###........#.#
#######%(....#.#.#.#
>.......#.##.#.#.#(#
####..#.##.#.....#
#....5h.##.#####.#
....##.f####.# #(#
..# #..# #.# #.# .
..... ..# #.#
.........### #.#
###....... #.#
#.......# ##.## #.
#[......# ##.#.##
.#. #.......#
#.###.# # ... #.#
#..#.## #.##.# #.#
#.#.##


You could see Natasha and a shadow imp.

Vanquished Creatures
  Natasha (twice) (D:2)
  An adder (D:2)
  An ooze (D:1)
  A worm (D:2)
  2 giant cockroaches (D:1)
  6 goblins
  3 hobgoblins
  9 kobolds
  3 quokkas (D:2)
  2 bats (D:1)
  2 frilled lizards
  7 rats (D:1)
39 creatures vanquished.

Notes
Turn   | Place    | Note
-------+----------+-------------------------------------------
     0 | D:1      | pagos the Minotaur Gladiator began the quest for the Orb.
     0 | D:1      | Reached XP level 1. HP: 18/18 MP: 0/0
    19 | D:1      | Reached skill level 4 in Staves
   246 | D:1      | Reached XP level 2. HP: 24/25 MP: 1/1
   560 | D:1      | Found a sparkling altar of Nemelex Xobeh.
   811 | D:1      | Reached skill level 5 in Staves
  1051 | D:2      | Reached XP level 3. HP: 20/30 MP: 2/2
  1221 | D:2      | Noticed Natasha
  1226 | D:2      | Killed Natasha
  1226 | D:2      | Reached skill level 6 in Staves
  1226 | D:2      | Reached XP level 4. HP: 13/37 MP: 3/3
  1283 | D:2      | Noticed Natasha
  1320 | D:2      | Killed Natasha
  1326 | D:2      | Noticed Natasha
  1344 | D:2      | Slain by Natasha

Vault maps used:
D:1:      lemuel_arrival_behind_the_door_small, nemelex_diamond_rough_becter
D:2:      uniq_natasha

Skill      XL: |  1  2  3 |
---------------+----------+-----
Staves         | 4 5 6 |  6.4
Fighting       | |  2.4
Throwing       | |  2.0
Dodging        | |  3.2

Action                   |  1- 3 |  4- 6 || total
-------------------------+-------+-------++-------
Melee: Quarterstaff      |    71 |    12 ||    83
       Headbutt          |     7 |     1 ||     8
       Unarmed           |       |    12 ||    12
Throw: Throwing net      |       |     1 ||     1
  Eat: Chunk             |     1 |       ||     1
Armor: Leather armour    |     8 |       ||     8
       Ring mail         |    14 |     4 ||    18
       Skin              |       |     9 ||     9
Dodge: Dodged            |    51 |    33 ||    84
